 Dungeon Crawl Stone Soup version 0.27-a0-1188-g73eefd5def (webtiles) character file.

Game seed: 13754936891756157800

107 freelancePsychic the Grave Robber (level 4, -2/31 HPs)
             Began as a Demonspawn Necromancer on May 21, 2021.
             Was an Initiate of Gozag.
             Killed from afar by an orc wizard (9 damage)
             ... with a magic dart
             ... in the Ecumenical Temple.
             The game lasted 00:07:04 (3167 turns).

freelancePsychic the Grave Robber (DsNe)            Turns: 3167, Time: 00:07:05

Health: -2/31      AC:  3    Str:  8    XL:     4   Next: 57%
Magic:  9/9        EV: 12    Int: 18    God:    Gozag
Gold:   55         SH:  0    Dex: 13    Spells: 5/9 levels left

rFire    . . .     SeeInvis .   k - +0 whip (elec)
rCold    . . .     Faith    .   (no shield)
rNeg     . . .     Spirit   .   a - +0 robe
rPois    .         Reflect  .   b - +0 helmet
rElec    .         Harm     .   (no cloak)
rCorr    .         Rampage  .   (no gloves)
Will     .....                  (no boots)
Stlth    +.........             (no amulet)
HPRegen  0.10/turn              f - ring of wizardry
MPRegen  0.11/turn              (no ring)

@: confused
A: powered by death 1
a: Renounce Religion, Potion Petition, Call Merchant, Bribe Branch


You were in the Ecumenical Temple.
You worshipped Gozag.
Gozag was noncommittal.
You visited 2 branches of the dungeon, and saw 5 of its levels.

You collected 118 gold pieces.
You paid 63 gold pieces to Gozag.

Inventory:

Hand Weapons
 c - a +1 dagger
 k - a +0 whip of electrocution (weapon)
Armour
 a - a +0 robe (worn)
 b - a +0 helmet (worn)
Jewellery
 f - a ring of wizardry (left hand)
Scrolls
 e - a scroll of immolation
Potions
 i - a potion of resistance {unknown}


   Skills:
 + Level 0.7 Fighting
 - Level 1.7 Dodging
 - Level 1.7 Stealth
 - Level 3.3 Spellcasting
 + Level 5.6 Necromancy


You had 5 spell levels left.
You knew the following spells:

 Your Spells              Type           Power      Damage    Failure   Level
a - Pain                  Necr           92%        1d8       1%          1
b - Vampiric Draining     Necr           11%        2d7       1%          3

Your spell library contained the following spells:

 Spells                   Type           Power      Damage    Failure   Level
 Animate Skeleton         Necr           46%        N/A       1%          1
 Animate Dead             Necr           11%        N/A       6%          4
 Agony                    Necr           23%        N/A       17%         5


Dungeon Overview and Level Annotations

Branches:
Dungeon (4/15)             Temple (1/1) D:4

Altars:
Ashenzari
Elyvilon
Gozag
Makhleb
Nemelex Xobeh
Sif Muna
Trog
Uskayaw
Vehumet
Wu Jian
Yredelemnul
Zin

Shops:
D:2 :

Annotations:
D:3 Ijyb


Innate Abilities, Weirdness & Mutations

You regenerate a little health from kills.


Message History

The orc wizard is heavily wounded.
The orc wizard hits you with a +0 dagger.
* * * LOW HITPOINT WARNING * * *
You closely miss the orc wizard.
The orc wizard is heavily wounded.
The orc wizard hits you with a +0 dagger.
* * * LOW HITPOINT WARNING * * *
You closely miss the orc wizard.
The orc wizard is heavily wounded.
The orc wizard hits you but does no damage.
The orc wizard casts a spell at you. You resist with some effort.
You closely miss the orc wizard.
The orc wizard is heavily wounded.
The orc wizard points at you and mumbles some strange words.
You are confused.
Things that are here:
9 gold pieces; a +0 whip You hit the orc wizard but do no damage.
The orc wizard is heavily wounded.
The orc wizard barely misses you. The orc wizard misses you.
You bump into the stone wall.
The orc wizard casts a spell at you.
You are more confused.
You hit the orc wizard.
The orc wizard is severely wounded.
The orc wizard becomes distracted by the nearby gold, dreaming of imaginary riches.
You closely miss the orc wizard.
The orc wizard is no longer distracted by gold.
The orc wizard shouts!
The orc wizard is severely wounded.
The orc wizard hits you with a +0 dagger.
* * * LOW HITPOINT WARNING * * *
The orc wizard points at you and mumbles some strange words.
You resist with some effort. The orc wizard casts a spell at you.
The magic dart hits you!
You die...
Your body crumbles into a pile of gold.

##.........# #.........##
#..........## ##..........#
#......_....# #...._......#
#...........###...........#
###..........#..........###
###....._..#.._.....###
###.............###
###....o$...### ###@.<..###
###.........###
###.............###
###....._..#.._.....###
###..........#..........###
#...........###...........#
#......_....# #...._......#
#..........## ##..........#
##.........# #.........##


You could see an orc wizard.

Vanquished Creatures
  Natasha (twice) (D:2)
  An adder (D:3)
  An adder skeleton (D:4)
  2 dart slugs
  An orc (Temple)
  2 endoplasms (D:1)
  2 giant cockroaches
  4 hobgoblins
  4 kobolds
  6 ball pythons
  A bat (D:1)
  2 frilled lizards (D:1)
  9 goblins
  4 rats
41 creatures vanquished.

Notes
Turn   | Place    | Note
-------+----------+-------------------------------------------
     0 | D:1      | freelancePsychic the Demonspawn Necromancer began the quest
                  | for the Orb.
     0 | D:1      | Reached XP level 1. HP: 13/13 MP: 3/3
   562 | D:1      | Found a faded altar of an unknown god.
   599 | D:1      | Gained mutation: You regenerate a little health from kills.
                  | [demonic ancestry]
   599 | D:1      | Reached XP level 2. HP: 18/19 MP: 3/5
  1502 | D:2      | Reached XP level 3. HP: 22/24 MP: 5/7
  1530 | D:2      | Reached skill level 5 in Necromancy
  1575 | D:2      | Noticed Natasha
  1976 | D:2      | Found Tyrriri's Book Shoppe.
  2170 | D:2      | Killed Natasha
  2263 | D:2      | Noticed Natasha
  2279 | D:2      | Killed Natasha
  2280 | D:2      | Reached XP level 4. HP: 18/30 MP: 0/9
  2422 | D:3      | Learned a level 3 spell: Vampiric Draining
  2720 | D:3      | Noticed Ijyb
  2732 | D:3      | Paralysed by Ijyb for 5 turns
  2742 | D:3      | Paralysed by Ijyb for 5 turns
  2788 | D:4      | Found a staircase to the Ecumenical Temple.
  2798 | Temple   | Entered the Ecumenical Temple
  2867 | Temple   | Became a worshipper of Gozag Ym Sagoz the Greedy
  3167 | Temple   | Killed from afar by an orc wizard

Illustrated notes

Levels and vault maps discovered:
D:1:      doesnt_arrival_eight_statues, layout_loops_ring,
          hellmonk_ecumenical_altar_blasted, skrybe_limestone_x,
          minmay_shallow_snake_nest
D:2:      layout_loops_ring, serial_shops, shop, corexii_leaking_fountain,
          chequers_serial_rivers_micro_b, kennysheep_generic_room_16,
          uniq_natasha
D:3:      layout_basic, general_overflow_altar, dk_vineyard_1,
          corexii_item_surrounded_by_moat, minmay_close_crescents, uniq_ijyb
D:4:      layout_cave_pools, nicolae_dithmenos_through_a_glass_darkly,
          nicolae_overflow_hidden_temple, kennysheep_mini_moat,
          minmay_temple_entry_trees, minmay_misc_feat_doors, uniq_eustachio
Temple:   nicolae_temple_x_marks_the_god

Skill      XL: |  1  2  3 |
---------------+----------+-----
Necromancy     | 5 |  5.6
Spellcasting   | 3 |  3.3
Fighting       | |  0.7
Dodging        | |  1.7
Stealth        | |  1.7

Action                   |  1- 3 |  4- 6 || total
-------------------------+-------+-------++-------
Melee: Dagger            |     2 |       ||     2
       Whip              |       |    15 ||    15
 Cast: Pain              |    76 |    15 ||    91
  Use: Scroll            |     2 |     3 ||     5
       Potion            |       |     2 ||     2
Armor: Robe              |     3 |     4 ||     7
Dodge: Dodged            |     5 |     9 ||    14

Table legend: (Time is in decaauts)
 A = Elapsed time spent in this place.
 B = Non-inter-level travel time spent in this place.
 C = Inter-level travel time spent in this place.
 D = Time resting spent in this place.
 E = Time spent auto-exploring this place.
 F = Levels seen in this place.
 G = Mean time per level.
                   A        B        C        D        E       F      G
               +--------+--------+--------+--------+--------+-----+--------+
         Total |   3170 |   3107 |     63 |    325 |   2379 |   5 |  634.0 |
       Dungeon |   2833 |   2774 |     59 |     88 |   2320 |   4 |  708.2 |
        Temple |    337 |    333 |      4 |    237 |     59 |   1 |  337.0 |
               +--------+--------+--------+--------+--------+-----+--------+

Top non-repeatable levels by time:
     D:1: 1321 daAuts
     D:2: 1081 daAuts
     D:3: 368 daAuts
  Temple: 337 daAuts
     D:4: 61 daAuts
